 Dungeon Crawl Stone Soup version 0.31-a0-277-g31ea1f65cc (webtiles) character file.

Game seed: 13109033211298042261

52 Maxmaps the Trooper (level 3, 0/37 HPs)
             Began as an Ogre Shapeshifter on July 15, 2023.
             Slain by a jelly (3 damage)
             ... on level 3 of the Dungeon.
             The game lasted 00:01:39 (1605 turns).

Maxmaps the Trooper (Ogre Shapeshifter)             Turns: 1605, Time: 00:01:40

Health: 0/37       AC: -1    Str: 19    XL:     3   Next: 85%
Magic:  3/3        EV: 14    Int: 11    God:
Gold:   127        SH:  0    Dex:  9    Spells: 2/2 levels left

rFire   . . .        d - +0 whip
rCold   . . .        (no shield)
rNeg    . . .        a - +0 animal skin
rPois   .            (helmet restricted)
rElec   .            (no cloak)
rCorr   .            (gloves unavailable)
SInv    .            (boots unavailable)
Will    +....        (no amulet)
Stlth   +            h - +5 ring of evasion
HPRegen 0.26/turn    g - ring of willpower
MPRegen 0.08/turn

%: no passive effects
@: corroded
A: large, unfitting armour, tough skin 1
a: no special abilities


You were on level 3 of the Dungeon.
You visited 1 branch of the dungeon, and saw 3 of its levels.

You collected 127 gold pieces.

Inventory:

Hand Weapons
 d - a +0 whip (weapon)
Missiles
 j - 3 large rocks
Armour
 a - a +0 animal skin (worn)
Jewellery
 g - a ring of willpower (right hand)
 h - a +5 ring of evasion (left hand)
Talismans
 c - a beast talisman
Wands
 t - a wand of light (13)
Scrolls
 e - a scroll of teleportation {unknown}
 f - 2 scrolls of summoning {unknown}
 k - a scroll of enchant weapon {unknown}
 o - 2 scrolls of identify {unknown}
 p - a scroll of immolation {unknown}
 u - a scroll of enchant armour {unknown}
Potions
 b - a potion of lignification
 i - 3 potions of curing {unknown}
 l - 2 potions of mutation {unknown}
 m - a potion of brilliance {unknown}
 n - 2 potions of enlightenment {unknown}
 q - a potion of heal wounds {unknown}
 r - a potion of invisibility {unknown}
 s - a potion of attraction {unknown}


   Skills:
 - Level 3.4 Fighting
 + Level 2.6 Maces & Flails
 - Level 1.7 Dodging
 - Level 1.7 Unarmed Combat
 - Level 3.0 Shapeshifting


You had 2 spell levels left.
You didn't know any spells.
Your spell library contained the following spells:

 Spells                   Type           Power      Damage    Failure   Level
 Portal Projectile        Hex/Tloc       0%         N/A       71%         3
 Tukima's Dance           Hex            0%         N/A       71%         3
 Iskenderun's Mystic Bla  Conj/Tloc      0%         2d3       98%         4


Dungeon Overview and Level Annotations

Branches:
Dungeon (3/15)

Altars:

Shops:
D:2 [[!


Innate Abilities, Weirdness & Mutations

You are too large for most types of armour.
You have tough skin. (AC +1)


Message History

No target in view!
u - a scroll labelled TENNAY JYGO Key pressed, stopping explore.
No target in view!
n - 2 smoky cyan potions (gained 1)
You open the door.
A hobgoblin comes into view.
A jelly and a ball python come into view.
There is an open door here.
The hobgoblin closely misses you.
You hit the hobgoblin.
The hobgoblin is moderately wounded.
The hobgoblin barely misses you.
You hit the hobgoblin.
The hobgoblin is almost dead.
The jelly hits you.
You are splashed with acid!
The hobgoblin hits you.
You barely miss the hobgoblin.
The hobgoblin is almost dead.
The jelly misses you. The hobgoblin closely misses you.
You closely miss the hobgoblin.
The hobgoblin is almost dead.
The ball python barely misses you. The jelly misses you.
The hobgoblin completely misses you.
You hit the jelly.
Your hands burn!
The jelly is moderately wounded.
The ball python bites you. The jelly closely misses you.
The hobgoblin closely misses you.
You hit the jelly.
Your hands burn!
The jelly is heavily wounded.
The ball python barely misses you. The jelly hits you. The acid corrodes you!
You are splashed with acid!
* * * LOW HITPOINT WARNING * * *
The hobgoblin hits you.
* * * LOW HITPOINT WARNING * * *
The ball python closely misses you.
You hit the jelly.
Your hands burn!
* * * LOW HITPOINT WARNING * * *
The jelly is severely wounded.
The jelly hits you.
You die...

.. #. .. . ###.# #. . .#
#.... .#. #.## #.#.# ...
####...## #.#.## #.####
.......## #.#..# #.##.##
##.g.....# ##..#.#
#.#...####.@J......###......
#........'.S.......+........
#.#...####.........###.....#
#.##.## ##.......# #.#.#.#
####.#### ##.....## #.##..#
#......# #....# #.##.##
#.##.#.# ###...### #.##.##
#.##.#.# #.....<.###.##.##
#.##.#.# #...........>....


You could see a jelly, a hobgoblin and a ball python.

Vanquished Creatures
  An adder (D:2)
  4 worms
  3 endoplasms
  A giant cockroach (D:2)
  7 goblins
  2 quokkas (D:1)
  4 ball pythons
  3 bats (D:2)
  2 frilled lizards (D:2)
  5 kobolds
  2 rats
34 creatures vanquished.

Notes
Turn   | Place    | Note
-------+----------+-------------------------------------------
     0 | D:1      | Maxmaps the Ogre Shapeshifter began the quest for the Orb.
     0 | D:1      | Reached XP level 1. HP: 22/22 MP: 1/1
   171 | D:1      | Reached XP level 2. HP: 31/31 MP: 2/2
   447 | D:1      | Reached skill level 1 in Maces & Flails
   885 | D:2      | Reached XP level 3. HP: 37/37 MP: 3/3
   947 | D:2      | Found Aligoesea's Antique Armour Boutique.
   996 | D:2      | Found Isyprurph's Antique Armour Boutique.
  1171 | D:2      | Found Viloddem's Distillery.
  1605 | D:3      | Slain by a jelly

Illustrated notes

Levels and vault maps discovered:
D:1:      dpeg_arrival_fog, layout_basic
D:2:      layout_rooms, serial_shops, nicolae_shop_hallway_stairs,
          nicolae_shop_hallway_stairs, shop
D:3:      layout_loops_corners, shapermc_ecumenical_altar_notcrosses,
          amcnicky_mini_pool_small

Skill      XL: |  1  2  3 |
---------------+----------+-----
Fighting       | 3 |  3.4
Maces & Flails | 1 2 |  2.6
Dodging        | |  1.7
Unarmed Combat | |  1.7
Shapeshifting  | |  3.0

Action                     || total
---------------------------++-------
  Melee: Unarmed           ||    19
         Whip              ||   145
         Punch             ||     3
 Armour: Animal skin       ||    32
  Dodge: Dodged            ||   103
         Form:             ||     1

Table legend: (Time is in decaauts)
 A = Elapsed time spent in this place.
 B = Non-inter-level travel time spent in this place.
 C = Inter-level travel time spent in this place.
 D = Time resting spent in this place.
 E = Time spent auto-exploring this place.
 F = Levels seen in this place.
 G = Mean time per level.
                   A        B        C        D        E       F      G
               +--------+--------+--------+--------+--------+-----+--------+
         Total |   1605 |   1570 |     35 |    105 |   1139 |   3 |  535.0 |
       Dungeon |   1605 |   1570 |     35 |    105 |   1139 |   3 |  535.0 |
               +--------+--------+--------+--------+--------+-----+--------+

Top non-repeatable levels by time:
     D:2: 722 daAuts
     D:1: 701 daAuts
     D:3: 181 daAuts
